 Dungeon Crawl Stone Soup version 0.23.0 (webtiles) character file.

Game seed: 11290528456852724774

91 Morgius the Conjurer (level 4, -5/27 HPs)
             Began as an Octopode Wizard on Feb 18, 2019.
             Slain by a centaur skeleton (6 damage)
             ... on level 3 of the Dungeon.
             The game lasted 00:03:40 (2019 turns).

Morgius the Conjurer (Octopode Wizard)              Turns: 2019, Time: 00:03:41

Health: -5/27      AC:  1    Str:  6    XL:     4   Next: 59%
Magic:  1/8        EV: 13    Int: 23    God:
Gold:   168        SH:  0    Dex: 10    Spells: 2/9 levels left

rFire    . . .     SeeInvis .   f - +0 dagger
rCold    . . .     Gourm    .   (no shield)
rNeg     . . .     Faith    .   a - +0 hat
rPois    .         Spirit   .   (no amulet)
rElec    .         Reflect  .   o - ring of resist corrosion
rCorr    +         Harm     .   d - +2 ring of intelligence
MR       .....                  (no ring)
Stlth    +++.......             (no ring)
HPRegen  0.09/turn              (no ring)
MPRegen  0.11/turn              (no ring)
                                (no ring)
                                (no ring)

@: very slightly contaminated
A: almost no armour, stealthy swim, amphibious, 8 rings, constrict 8, camouflage
1, gelatinous body 1
a: no special abilities


You were on level 3 of the Dungeon.
You were not hungry.

You visited 1 branch of the dungeon, and saw 3 of its levels.

You collected 168 gold pieces.

Inventory:

Hand Weapons
 f - a +0 dagger (weapon)
Armour
 a - a +0 hat (worn)
Jewellery
 d - a +2 ring of intelligence (right tentacle)
 o - a ring of resist corrosion (left tentacle)
Scrolls
 b - 4 scrolls of identify {unknown}
 e - a scroll of remove curse {unknown}
 h - a scroll of blinking {unknown}
 i - 2 scrolls of teleportation {unknown}
 l - a scroll of fear {unknown}
 q - a scroll of magic mapping {unknown}
Potions
 g - 2 potions of curing
 j - a potion of degeneration {unknown}
 k - 2 potions of flight {unknown}
 m - a potion of mutation {unknown}
 n - a potion of resistance {unknown}
 p - a potion of magic {unknown}
 s - a potion of brilliance {unknown}
Comestibles
 c - 4 rations
 r - a chunk of flesh


   Skills:
 - Level 2.0 Dodging
 - Level 2.6 Stealth
 - Level 3.0 Spellcasting
 + Level 4.2 Conjurations
   Level 1.0 Summonings
   Level 1.0 Translocations


You had 2 spell levels left.
You knew the following spells:

 Your Spells              Type           Power        Failure   Level  Hunger
a - Magic Dart            Conj           ###.         1%          1    None
b - Conjure Flame         Conj/Fire      ##......     14%         3    ###....
c - Mephitic Cloud        Conj/Pois/Air  ##......     19%         3    ###....

Your spell library contained the following spells:

 Spells                   Type           Power        Failure   Level  Hunger
 Summon Small Mammal      Summ           #...         8%          1    None
 Blink                    Tloc           N/A          12%         2    ##.....
 Call Imp                 Summ           #.......     12%         2    ##.....
 Slow                     Hex            #.......     17%         2    ##.....
 Call Canine Familiar     Summ           #.......     22%         3    ###....
 Summon Guardian Golem    Hex/Summ       #.......     28%         3    ###....
 Summon Ice Beast         Ice/Summ       #.......     67%         4    ####...
 Summon Lightning Spire   Summ/Air       #.......     67%         4    ####...


Dungeon Overview and Level Annotations

Branches:
Dungeon (3/15)

Altars:
Nemelex Xobeh
Qazlal
Trog


Innate Abilities, Weirdness & Mutations

You cannot wear most types of armour.
You are very stealthy in the water. (Stealth+)
You are amphibious.
You can wear up to eight rings at the same time.
You can use your tentacles to constrict eight enemies at once.
Your skin changes colour to match your surroundings (Stealth+).
Your rubbery body absorbs attacks. (AC +1, EV +1)


Message History

The centaur skeleton hits you.
* * * LOW HITPOINT WARNING * * *
Casting: Conjure Flame (safe; 14% risk of failure)
Confirm with . or Enter, or press ? or * to list all spells.
Aiming: Magic Dart (safe; 1% risk of failure)
Press: ? - help, Shift-Dir - straight line, f - centaur skeleton
Aim: a centaur skeleton (severely damaged)
The magic dart hits the centaur skeleton.
The centaur skeleton is severely damaged.
The centaur skeleton hits you.
* * * LOW HITPOINT WARNING * * *
Casting: Magic Dart (safe; 1% risk of failure)
Confirm with . or Enter, or press ? or * to list all spells.
Aiming: Magic Dart (safe; 1% risk of failure)
Press: ? - help, Shift-Dir - straight line, f/p - centaur skeleton
Aim: a centaur skeleton (severely damaged)
The magic dart hits the centaur skeleton.
The centaur skeleton is almost destroyed.
The centaur skeleton hits you.
You die...

....## .#. ..............##..#$
.....# # ####...÷..÷.......#
.....## .# ####...........#.#..
......#..## #............/......
....#.....###.##................
...<......................#####.
.(............####...#....#
..........#..........####.#
...>.#(#....####@........$..
.....#.#.......Z##.........#
.......#........ .........
..#..## ........ ##.######
#....# ....!.. .# ##...###
....... .# .......#........ ..
.#.##........... # ...##..#..


You could see a centaur skeleton.

Vanquished Creatures
  A hound (D:2)
  An adder (D:3)
  2 worms
  A dart slug (D:1)
  3 leopard geckos
  4 giant cockroaches
  3 goblins
  6 hobgoblins (D:1)
  A quokka (D:3)
  6 bats (D:1)
  3 frilled lizards
  9 kobolds
  4 rats
44 creatures vanquished.

Notes
Turn   | Place    | Note
-------+----------+-------------------------------------------
     0 | D:1      | Morgius the Octopode Wizard began the quest for the Orb.
     0 | D:1      | Reached XP level 1. HP: 11/11 MP: 4/4
   403 | D:1      | Reached skill level 2 in Conjurations
   403 | D:1      | Reached XP level 2. HP: 10/17 MP: 4/6
   893 | D:1      | Reached XP level 3. HP: 12/21 MP: 7/7
   950 | D:1      | Found a sparkling altar of Nemelex Xobeh.
  1109 | D:2      | Found a bloodstained altar of Trog.
  1109 | D:2      | Found a stormy altar of Qazlal.
  1129 | D:2      | Reached skill level 3 in Conjurations
  1271 | D:2      | Reached XP level 4. HP: 27/27 MP: 1/8
  1583 | D:2      | Learned a level 3 spell: Conjure Flame
  1587 | D:2      | Learned a level 3 spell: Mephitic Cloud
  1603 | D:2      | Reached skill level 4 in Conjurations
  2018 | D:3      | HP: 1/27 [centaur skeleton (3)]
  2019 | D:3      | Slain by a centaur skeleton

Skill      XL: |  1  2  3  4 |
---------------+-------------+-----
Conjurations   | 2 3 4 |  4.2
Dodging        | |  2.0
Stealth        | |  2.6
Spellcasting   | |  3.0
Summonings     | |  1.0
Translocations | |  1.0

Action                   |  1- 3 |  4- 6 || total
-------------------------+-------+-------++-------
Melee: Unarmed           |    19 |       ||    19
       Constrict         |    10 |     5 ||    15
       Tentacles         |     3 |     3 ||     6
       Dagger            |    25 |    26 ||    51
 Cast: Magic Dart        |    43 |    36 ||    79
 Stab: Sleeping          |     3 |     2 ||     5
  Eat: Chunk             |       |     3 ||     3
Armor: Skin              |     6 |     1 ||     7
Dodge: Dodged            |    46 |    18 ||    64
